 Dungeon Crawl Stone Soup version 0.16.1-18-g436b03c (webtiles) character file.

151 raph the Chiller (level 5, -7/35 HPs)
             Began as a Merfolk Ice Elementalist on Apr 30, 2015.
             Killed from afar by an orc wizard (10 damage)
             ... with a puff of flame
             ... on level 4 of the Dungeon.
             The game lasted 00:10:51 (2812 turns).

raph the Chiller (Merfolk Ice Elementalist)         Turns: 2812, Time: 00:10:52

Health: -7/35      AC:  7    Str:  9    XL:     5   Next: 33%
Magic:  8/9        EV: 13    Int: 14    God:
Gold:   206        SH:  0    Dex: 15    Spells: 3 memorised, 3 levels left

rFire  . . .     SeeInvis .     l - +1 rapier
rCold  . . .     Clarity  .     i - +2 robe {rN+}
rNeg   + . .     SustAb   .     (no shield)
rPois  .         Gourm    .     (no helmet)
rElec  .         Spirit   .     (no cloak)
rCorr  .         Warding  .     (no gloves)
rMut   .         Stasis   .     s - +2 pair of boots
MR     .....                    p - amulet of regeneration
Stlth  ++........               (no ring)
                                (no ring)

@: not resistant to hostile enchantments, unstealthy
A: change form in water, swift swim
a: no special abilities


You were on level 4 of the Dungeon.
You were hungry.

You visited 1 branch of the dungeon, and saw 4 of its levels.

You collected 206 gold pieces.

Inventory:

Hand weapons
 e - a +0 short sword
 l - a +1 rapier (weapon)
Missiles
 x - 2 tomahawks (quivered)
Armour
 a - a +0 robe
 i - a +2 robe of positive energy (worn)
 s - a +2 pair of boots (worn)
Jewellery
 j - an uncursed amulet of rage
 p - an amulet of regeneration (around neck)
Scrolls
 g - 3 scrolls of enchant armour
 t - a scroll of magic mapping
Potions
 f - 2 potions of restore abilities
 h - a potion of invisibility {unknown}
 n - a potion of might {unknown}
 o - 3 potions of curing
 q - 2 potions of heal wounds
Books
 b - a book of Frost

   Spells                             Type                      Level
   a - Freeze                         Ice                          1
   b - Throw Frost                    Conjuration/Ice              2
   c - Ozocubu's Armour               Charms/Ice                   3
   d - Throw Icicle                   Conjuration/Ice              4
   e - Summon Ice Beast               Ice/Summoning                4
   f - Condensation Shield            Ice                          4
Comestibles
 c - 2 bread rations
 k - a beef jerky
 r - a chunk of flesh
 v - a meat ration


   Skills:
 + Level 0.2 Fighting
 + Level 2.8 Dodging
 - Level 2.1 Stealth
 + Level 2.6 Spellcasting
 + Level 0.7 Conjurations
 - Level 1.5 Charms
 + Level 5.5 Ice Magic


You had 3 spell levels left.
You knew the following spells:

 Your Spells              Type           Power        Failure   Level  Hunger
a - Freeze                Ice            ###.         2%          1    #......
b - Throw Frost           Conj/Ice       ##....       12%         2    ###....
c - Ozocubu's Armour      Chrm/Ice       ##......     17%         3    ###....


Dungeon Overview and Level Annotations

Branches:
Dungeon (4/15)
 Temple: D:4-7

Altars:
Ashenzari
Ru

Annotations:
D:3 Grinder; SaintRoka's ghost, average NaHu


Message History

You bump into the closed door.
The gnoll misses you. Something hits you but does no damage.
The orc hits you but does no damage.
You bump into the closed door.
Something hits you. The gnoll barely misses you. The gnoll misses you.
Something barely misses you. The orc misses you.
An orc comes into view. It is wielding a club.
You bump into the closed door.
Your icy armour evaporates.
You feel less confused.
The orc shouts!
Something hits you but does no damage.
The gnoll hits you from afar with a halberd of freezing!
The gnoll freezes you. The orc closely misses you.
The gnoll hits you from afar with a halberd.
A giant gecko comes into view.
You open the door. Something hits you. The orc hits you with a flail!
* * * LOW HITPOINT WARNING * * *
The gnoll closely misses you.
You hear some strange, mumbled words.
A puff of flame appears from out of thin air!
The puff of flame hits you!
You die...

##..##,,,,,,,....#***************
##..##,,,,,,...lo#####
.#...#*,,,,#.........#
.#.#.##***,#.........#### .#.#..#
*,#............# # .#.##.##
*,#.........##.######### .#.##†.#
*,#....o....#........,.. .#+###.#
*.#....oog....####.####. ....##.#
#.#...o@.go...##.....##.
#...##.###.#####'##....#.....[.#.
#...##..##.# #........#.......#.
#...###.##.# #............_.....
....# #.##.# #........#.......#.
....# #(.#.# #........#.......#.
....# ##.#.# #........##.....##.
....# #...# #........####.####.
....# ##..# #...............,..


You could see an orc wizard, 2 gnolls, 5 orcs and a giant gecko.

Vanquished Creatures
  An orc wizard (D:2)
  3 gnolls
  4 adders
  2 worms (D:3)
  An ooze (D:2)
  3 orcs (D:3)
  A ball python (D:1)
  4 goblins
  5 hobgoblins
  11 kobolds
  A quokka (D:3)
  5 bats
  3 giant cockroaches
  2 giant newts
  4 rats
50 creatures vanquished.

Notes
Turn   | Place    | Note
--------------------------------------------------------------
     0 | D:1      | raph, the Merfolk Ice Elementalist, began the quest for the Orb.
     0 | D:1      | Reached XP level 1. HP: 13/13 MP: 3/3
   195 | D:1      | Reached XP level 2. HP: 19/19 MP: 2/4
   322 | D:1      | Learned a level 2 spell: Throw Frost
   362 | D:1      | Reached skill level 4 in Ice Magic
   647 | D:2      | Found a sacrificial altar of Ru.
   661 | D:2      | Reached XP level 3. HP: 12/24 MP: 0/6
  1003 | D:2      | Reached XP level 4. HP: 26/30 MP: 5/8
  1011 | D:2      | Learned a level 3 spell: Ozocubu's Armour
  1052 | D:1      | Reached skill level 5 in Ice Magic
  1715 | D:3      | Noticed SaintRoka's ghost (average NaHu)
  1950 | D:3      | Reached skill level 1 in Charms
  2261 | D:3      | Reached XP level 5. HP: 32/35 MP: 3/9
  2582 | D:3      | Noticed Grinder
  2738 | D:4      | Found a shattered altar of Ashenzari.
  2812 | D:4      | Killed from afar by an orc wizard

Action                   |  1- 3 |  4- 6 || total
-------------------------+-------+-------++-------
Melee: Short sword       |     8 |       ||     8
       Rapier            |     3 |    40 ||    43
 Cast: Freeze            |    30 |    52 ||    82
       Throw Frost       |     1 |     7 ||     8
       Ozocubu's Armour  |       |     3 ||     3
  Use: Scroll            |     1 |     9 ||    10
  Eat: Chunk             |       |     6 ||     6
       Beef jerky        |       |     1 ||     1
